 Dungeon Crawl Stone Soup version 0.27-a0-760-gc38aae387d (webtiles) character file.

Game seed: 17890375245051995082

35900 Armakuni the Slicer (level 13, 96/96 HPs)
             Began as a Djinni Gladiator on Mar 23, 2021.
             Was an Initiate of the Shining One.
             Quit the game in the Ecumenical Temple on Mar 24, 2021.
             The game lasted 00:47:54 (18985 turns).

Armakuni the Slicer (Djinni Gladiator)             Turns: 18985, Time: 00:47:54

Health: 96/96      AC: 32    Str: 18    XL:     13   Next: 86%
Gold:   554        EV: 16    Int:  6    God:    the Shining One [......] SH: 10 Dex: 14

rFire    + + .     SeeInvis +   a - +8 Vampire's Tooth {vamp}
rCold    + . .     Faith    .   e - +0 buckler {AC+3}
rNeg     . . .     Spirit   .   u - +10 plate armour of Lucidity {rPois rC++ Int-4 SInv}
rPois    ∞         Reflect  +   c - +0 helmet
rElec    .         Harm     .   (no cloak)
rCorr    .         Rampage  .   A - +2 pair of gloves "Ucestrogh" {Str+3}
Will     ++...                  (boots unavailable)
Stlth    ..........             H - amulet of reflection
HPRegen  0.26/turn              E - +4 ring of evasion
MPRegen  0.00/turn              S - ring "Giavo" {EV+4 Slay+6 Stlth+}

@: flying, glowing
A: fire resistance 2, cold vulnerability 1, float, innate caster, hp casting,
extra vitality 1, clumsy 1, strong-willed 1, weak 1, sturdy frame 1
a: Renounce Religion


You were in the Ecumenical Temple.
You worshipped the Shining One.
The Shining One was noncommittal.
You visited 4 branches of the dungeon, and saw 17 of its levels.

You collected 5323 gold pieces.
You spent 3221 gold pieces at shops.
You paid 1548 gold pieces to Gozag.

Inventory:

Hand Weapons
 a - the +8 Vampire's Tooth (weapon) {vamp}
   (You bought it in a shop on level 3 of the Dungeon)

   It inflicts no extra harm, but heals its wielder when it wounds a living foe.
   The Shining One disapproves of the use of such an item.
 b - a +9 rapier of freezing
 f - the +8 hand axe "Testudine's Death" {flame, rPois}
   (You found it on level 2 of the Lair of Beasts)

   It has been specially enchanted to burn those struck by it, causing extra
   injury to most foes and up to half again as much damage against particularly
   susceptible opponents.
   Big, fiery blades are also staple armaments of hydra-hunters.
   It protects you from poison.
Missiles
 o - a boomerang of dispersal
 s - a curare-tipped dart (quivered)
 x - a throwing net
Armour
 c - a +0 helmet (worn)
 e - a +0 buckler of protection (worn)
 u - the +10 plate armour of Lucidity (worn) {rPois rC++ Int-4 SInv}
   (You found it on level 5 of the Lair of Beasts)

   It affects your intelligence (-4).
   It greatly protects you from cold.
   It protects you from poison.
   It lets you see invisible.
 A - the +2 pair of gloves "Ucestrogh" (worn) {Str+3}
   (You found it on level 5 of the Lair of Beasts)

   It affects your strength (+3).
Jewellery
 B - a ring of protection from cold
 E - a +4 ring of evasion (right hand)
 H - an amulet of reflection (around neck)
 N - a ring of see invisible
 S - the ring "Giavo" (left hand) {EV+4 Slay+6 Stlth+}
   (You bought it in a shop on level 1 of the Lair of Beasts)

   [ring of evasion]

   It affects your evasion (+4).
   It affects your accuracy and damage with ranged weapons and melee attacks
   (+6).
   It makes you more stealthy.
Wands
 r - a wand of random effects (21)
 t - a wand of polymorph (3)
 v - a wand of acid (6)
 y - a wand of digging (4)
 C - a wand of charming (8)
Scrolls
 g - a scroll of blinking
 i - 4 scrolls of teleportation
 l - 2 scrolls of magic mapping
 m - 11 scrolls of identify
 n - 3 scrolls of enchant armour
 q - a scroll of fog
Potions
 d - 4 potions of brilliance
 h - 9 potions of curing
 k - a potion of resistance
 p - 2 potions of might
 w - 2 potions of heal wounds
 z - a potion of berserk rage
 D - a potion of mutation
Miscellaneous
 j - a lightning rod (4/4)


   Skills:
 - Level 10.0 Fighting
 - Level 12.1(14.0) Short Blades
 - Level 12.0(14.0) Long Blades
 - Level 1.5 Throwing
 + Level 9.5 Armour
 + Level 4.4 Dodging
 - Level 4.0 Shields
 - Level 1.0 Spellcasting


You couldn't memorise any spells.
You knew the following spells:

 Your Spells              Type           Power      Damage    Failure   Level
a - Confusing Touch       Hex            1%         N/A       100%        3
b - Summon Lightning Spi  Summ/Air       1%         N/A       100%        4
c - Animate Dead          Necr           0%         N/A       100%        4
d - Summon Forest         Summ/Tloc      0%         N/A       100%        5
w - Wereblood             Tmut           1%         N/A       99%         2
z - Sting                 Tmut/Pois      4%         1d3       98%         1
Your spell library was empty.

Dungeon Overview and Level Annotations

Branches:
Dungeon (9/15)             Temple (1/1) D:7            Lair (6/6) D:8
  Swamp (1/4) Lair:4       Spider (0/4) Lair:3        Slime (0/5) Lair:5
    Orc (0/2) D:9

Altars:
Ashenzari
Cheibriados
Dithmenos
Elyvilon
Fedhas
Gozag
Hepliaklqana
Kikubaaqudgha
Makhleb
Nemelex Xobeh
Okawaru
Qazlal
Ru
Sif Muna
Trog
Uskayaw
Vehumet
Wu Jian
Xom
Yredelemnul
Zin
The Shining One
Jiyva

Shops:
D:2 [   D:3 ?(   Lair:1 =

Annotations:
D:4 1 runed translucent door, adept's ghost, amateur GrFi
D:5 3 runed translucent doors, adept's ghost, novice FoAK
D:8 3 runed translucent doors, Anon1729's ghost, novice DsWr; Killmatronix's ghost, novice FoHu; harkras's ghost, novice MiFi; p0werm0de's ghost, novice GrFi
Lair:3 1 runed translucent door, Luytoaf's ghost, journeyman DECj


Innate Abilities, Weirdness & Mutations

You are immune to poison.
Your flesh is very heat resistant. (rF++)
You are vulnerable to cold. (rC-)
You float through the air rather than walking.
You learn spells naturally, not from books.
Your magical power is your life essence.
You have superior vitality. (+4 HP)
You are clumsy. (Dex -2)
You are strong-willed. (Will+)
You are weak. (Str -2)
Your movements are slightly less encumbered by armour. (ER -2)


Message History

No target in view!
No target in view!
No target in view!
No target in view!
No target in view!
No target in view!
You now have 518 gold pieces (gained 18).
Things that are here:
a +0 shortbow; 12 arrows You now have 540 gold pieces (gained 22).
You now have 545 gold pieces (gained 5).
You now have 548 gold pieces (gained 3).
You now have 554 gold pieces (gained 6).
(D) Dungeon (T) Temple (L) Lair (S) Swamp (N) Spider Nest (M) Slime Pits (O) Orcish Mines
Where to? (Enter - Temple @ (x,y), ? - help)
Things that are here:
12 arrows; a +0 shortbow
Found a scroll of teleportation.
Found a potion of curing.
There is a stone staircase leading up here.
You fly upwards.
Level annotation: 3 runed translucent doors, Anon1729's ghost, novice DsWr; Killmatronix's ghost, novice FoHu; harkras's ghost, novice MiFi; p0werm0de's ghost, novice GrFi
There is a stone staircase leading down here.
There is a stone staircase leading up here.
You fly upwards.
There is a stone staircase leading down here.
There is a staircase to the Ecumenical Temple here.
You fly downwards.
Welcome back to the Ecumenical Temple!
There is a staircase back to the Dungeon here.
There is a glowing golden altar of the Shining One here.
You hover solemnly before the altar of the Shining One.
You have lost your religion!
Gozag does not appreciate desertion!
Your funded stores close, unable to pay their debts without your funds.
The Shining One welcomes you!
The Shining One warns you to remove the +8 Vampire's Tooth.
Okay, then.
Unknown command.
Are you sure you want to abandon this character and quit the game? (Confirm with "yes".)

# ##.## ##
##...## .#
#..#..# .#
#.###.#
##### .###
###.#
#.###...#
...###...#
#...#._.#
##..#..###
###.....#
##...##
##...##
##..#..###
###..@..#
...###...#
#...#._.#
.### ###.#
#.###...#
.# #.###.#
##### .#
#..#..#
###
###...###
..#
#.......#
_.#
#._..._.#
..#
#...#...#


There were no monsters in sight!

Vanquished Creatures
  4 hydras
  A boulder beetle (Lair:6)
  A two-headed ogre (D:9)
  2 torpor snails
  2 black mambas
  A molten gargoyle (Lair:6)
  10 elephants
  13 cane toads
  8 komodo dragons
  10 polar bears
  9 hornets
  2 trolls
  Grinder (D:3)
  2 dream sheep (Lair:6)
  5 blink frogs (Lair:1)
  Sigmund (D:7)
  2 wyverns
  14 spriggans (Lair:6)
  30 yaks
  2 fire bats (Lair:6)
  Grum (D:8)
  3 basilisks
  Edmund (D:7)
  Duvessa (D:4)
  8 water moccasins
  6 orc warriors
  2 ice beasts (D:7)
  A black bear (Lair:6)
  22 wolves
  4 ogres
  3 boggarts (Lair:6)
  7 centaurs
  2 kobold brigands
  7 bullfrogs
  A wyvern zombie (D:7)
  A gnoll sergeant (D:8)
  Dowan (D:4)
  A scorpion (D:6)
  12 killer bees
  2 electric eels
  3 howler monkeys
  6 orc priests
  5 centaur zombies
  2 jellies
  A bullfrog skeleton (D:5)
  3 bullfrog zombies
  A centaur skeleton (D:6)
  2 gnoll shamans
  5 hounds
  8 orc wizards
  6 adders
  12 gnolls
  3 shadow imps (D:6)
  3 white imps
  2 ufetubi
  An adder skeleton (D:4)
  A worm (D:5)
  A dart slug (D:1)
  32 orcs
  6 ball pythons
  4 bats
  7 endoplasms
  A giant cockroach (D:1)
  16 goblins
  10 hobgoblins
  5 jackals
  24 kobolds
  3 quokkas
  2 frilled lizards
  3 rats
384 creatures vanquished.

Vanquished Creatures (others)
  Robin (D:3)
  An orc (D:8)
  A bush (Lair:6)
  4 foxfires (Swamp:1)
  14 fungi
  20 plants
  2 withered plants (D:8)
43 creatures vanquished.

Grand Total: 427 creatures vanquished

Notes
Turn   | Place    | Note
-------+----------+-------------------------------------------
     0 | D:1      | Armakuni the Djinni Gladiator began the quest for the Orb.
     0 | D:1      | Reached XP level 1. HP: 18/18 MP: 0/0
    39 | D:1      | Reached XP level 2. HP: 15/24 MP: 0/0
   467 | D:1      | Reached XP level 3. HP: 29/29 MP: 0/0
   467 | D:1      | Learned a level 1 spell: Sting
   489 | D:1      | Upgraded the game from 0.27-a0-732-ga892ba84f6 to
                  | 0.27-a0-760-gc38aae387d
  1438 | D:2      | Found Juadus's Antique Armour Emporium.
  1474 | D:2      | Identified a scroll of acquirement
  1474 | D:2      | Acquired 828 gold pieces
  1483 | D:2      | Bought a runed scale mail for 154 gold pieces
  1582 | D:2      | Found an opulent altar of Gozag.
  1597 | D:2      | Became a worshipper of Gozag Ym Sagoz the Greedy
  1662 | D:2      | Reached XP level 4. HP: 35/35 MP: 0/0
  1975 | D:3      | Noticed Grinder
  1984 | D:3      | Gained mutation: You are strong-willed. (Will+) [potion of
                  | mutation]
  1984 | D:3      | Gained mutation: You are clumsy. (Dex -2) [potion of
                  | mutation]
  1984 | D:3      | Gained mutation: You are weak. (Str -2) [potion of
                  | mutation]
  1984 | D:3      | Gained mutation: Your movements are slightly less
                  | encumbered by armour. (ER -2) [potion of mutation]
  2121 | D:3      | Noticed Robin
  2253 | D:3      | Noticed an ogre
  2358 | D:3      | Killed Robin
  2359 | D:3      | Reached skill level 1 in Armour
  2560 | D:3      | Found Fuedyher's Magic Scroll Emporium.
  2606 | D:3      | Killed an ogre
  2607 | D:3      | Reached XP level 5. HP: 41/41 MP: 0/0
  2607 | D:3      | Learned a level 2 spell: Wereblood
  2834 | D:3      | Bought a glowing rapier for 224 gold pieces
  2891 | D:3      | Paralysed by Grinder for 6 turns
  2913 | D:3      | Paralysed by Grinder for 3 turns
  2919 | D:3      | Killed Grinder
  2920 | D:3      | Reached XP level 6. HP: 33/47 MP: 0/0
  3293 | D:4      | Noticed an orc warrior
  3299 | D:4      | Noticed Duvessa
  3346 | D:3      | Killed an orc warrior
  3347 | D:3      | Reached skill level 1 in Short Blades
  3347 | D:3      | Reached XP level 7. HP: 36/52 MP: 0/0
  3347 | D:3      | Learned a level 3 spell: Confusing Touch
  3800 | D:4      | Reached skill level 1 in Spellcasting
  3815 | D:4      | Found a runed translucent door.
  3815 | D:4      | Noticed adept's ghost (amateur GrFi)
  3869 | D:4      | Killed Duvessa
  4065 | D:4      | Found an ornate altar of the Wu Jian Council.
  4120 | D:4      | Noticed Dowan
  4134 | D:4      | Killed Dowan
  4447 | D:5      | Entered Level 5 of the Dungeon
  4526 | D:5      | Reached skill level 5 in Fighting
  4536 | D:5      | Noticed adept's ghost (novice FoAK)
  4553 | D:5      | Reached XP level 8. HP: 49/59 MP: 0/0
  4561 | D:5      | Found a runed translucent gate.
  4565 | D:5      | Found a runed translucent gate.
  4606 | D:5      | Found a runed translucent gate.
  5559 | D:6      | Reached skill level 5 in Short Blades
  5751 | D:6      | You are sucked into a shaft and drop 1 floor!
  5781 | D:6      | Reached XP level 9. HP: 63/68 MP: 0/0
  5781 | D:6      | Learned a level 4 spell: Summon Lightning Spire
  7032 | D:7      | Found a staircase to the Ecumenical Temple.
  7041 | Temple   | Entered the Ecumenical Temple
  7677 | D:7      | Noticed Edmund
  7684 | D:7      | Noticed Sigmund
  7694 | D:7      | Killed Edmund
  7703 | D:7      | Killed Sigmund
  7704 | D:7      | Reached XP level 10. HP: 71/78 MP: 0/0
  7943 | D:7      | Reached skill level 10 in Fighting
  8263 | D:8      | Found a staircase to the Lair.
  8539 | D:8      | Reached skill level 5 in Long Blades
  9275 | D:8      | Noticed Grum
  9301 | D:8      | Killed Grum
  9784 | D:8      | Found a runed translucent gate.
  9784 | D:8      | Found a runed translucent gate.
  9786 | D:8      | Noticed p0werm0de's ghost (novice GrFi)
  9786 | D:8      | Noticed Anon1729's ghost (novice DsWr)
  9787 | D:8      | Noticed Killmatronix's ghost (novice FoHu)
  9788 | D:8      | Found a runed translucent gate.
  9788 | D:8      | Noticed harkras's ghost (novice MiFi)
 10099 | Lair:1   | Entered Level 1 of the Lair of Beasts
 10105 | Lair:1   | Identified the +6 bardiche of Edinlom {drain, Dex+4}
 10197 | Lair:1   | Identified the ring of the Evening {rPois Str-4 Dex+5 SInv}
 10218 | Lair:1   | Reached XP level 11. HP: 52/85 MP: 0/0
 10218 | Lair:1   | Learned a level 4 spell: Animate Dead
 11089 | Lair:1   | Reached skill level 10 in Short Blades
 11912 | Lair:2   | Identified the +8 hand axe "Testudine's Death" {flame,
                  | rPois}
 12180 | Lair:2   | You are sucked into a shaft and drop 1 floor!
 12241 | Lair:2   | Noticed Urug
 12255 | Lair:2   | Noticed Urug
 12255 | Lair:2   | Urug changed into Urug the torpor snail
 12272 | Lair:2   | Killed Urug the torpor snail
 12526 | Lair:1   | Bought the ring "Giavo" {EV+4 Slay+6 Stlth+} for 923 gold
                  | pieces
 12677 | Lair:2   | Reached XP level 12. HP: 66/91 MP: 0/0
 13185 | Lair:3   | Found a hole to the Spider Nest.
 13314 | Lair:3   | Noticed an eight-headed hydra
 13326 | Lair:3   | Killed a one-headed hydra
 13780 | Lair:3   | Found a runed translucent door.
 13853 | Lair:3   | Noticed Luytoaf's ghost (journeyman DECj)
 14021 | Lair:3   | Reached skill level 10 in Long Blades
 14477 | Lair:4   | Found a staircase to the Swamp.
 14690 | Lair:4   | Noticed a five-headed hydra
 14698 | Lair:4   | Killed a one-headed hydra
 15528 | Swamp:1  | Entered Level 1 of the Swamp
 15554 | Lair:5   | Identified the +2 pair of gloves "Ucestrogh" {Str+3}
 15664 | Lair:5   | Found a viscous altar of Jiyva.
 15664 | Lair:5   | Found a staircase to the Slime Pits.
 15692 | Lair:5   | You are sucked into a shaft and drop 1 floor!
 15692 | Lair:6   | Entered Level 6 of the Lair of Beasts
 15736 | Lair:5   | Noticed an eight-headed hydra
 15743 | Lair:5   | Killed a four-headed hydra
 15750 | Lair:5   | Identified the +0 scale mail "Tiuk" {*Contam rPois rN+}
 15925 | Lair:5   | Identified the +10 plate armour of Lucidity {rPois rC++
                  | Int-4 SInv}
 16396 | Lair:5   | Acquired 670 gold pieces
 16771 | Lair:6   | Reached XP level 13. HP: 83/96 MP: 0/0
 16771 | Lair:6   | Learned a level 5 spell: Summon Forest
 17188 | Lair:6   | Reached skill level 5 in Armour
 18353 | D:3      | Bought the +8 Vampire's Tooth {vamp} for 1920 gold pieces
 18353 | D:3      | Found the +8 Vampire's Tooth {vamp}
 18678 | D:9      | Found a staircase to the Orcish Mines.
 18983 | Temple   | Fell from the grace of Gozag
 18983 | Temple   | Became a worshipper of the Shining One
 18985 | Temple   | Quit the game

Illustrated notes

Levels and vault maps discovered:
D:1:      minmay_arrival_doors, layout_loops_cross
D:2:      layout_loops_ring, serial_shops, shop, grunt_gozag_breadcrumbs
D:3:      layout_basic, serial_shops, nicolae_shop_statue_plus, uniq_grinder,
          uniq_robin
D:4:      layout_basic, nicolae_wu_jian_immortal_techniques,
          ebering_ghost_reflecting_pool, chequers_serial_rivers_small_a,
          uniq_duvessa
D:5:      layout_loops_ring, gammafunk_ghost_split
D:6:      layout_loops_ring
D:7:      layout_cave_pools, minmay_temple_entry_waves, sigmund_edmund_badplayer
D:8:      layout_basic, erik_lair_island, gammafunk_ghost_cemetery, minivault_5,
          uniq_grum
D:9:      kennysheep_six_static_rooms, layout_basic, minmay_shattered_shrine
Temple:   roderic_octagonal_lattice_temple
Lair:1:   layout_small_grid
Lair:2:   layout_misc_corridors, uniq_urug
Lair:3:   layout_layer_cave, dummy_spider_entry, ebering_ghost_inner_flame,
          columned_hall_lemuel, nicolae_lair_grove_arrangements
Lair:4:   layout_roguey, swamp_mist, beast_lair_carwin_10, serial_bayou_shore_b,
          grunt_megastairs_2, lemuel_fruit_tree
Lair:5:   layout_small_grid, dpeg_slime_entry_enclosed_altar,
          infiniplex_staircase_pool
Lair:6:   minmay_lair_end_enchanted_forest, layout_gridlike
Swamp:1:  layout_falls_marsh, nicolae_swamp_oxbows

Skill      XL: |  1  2  3  4  5  6  7  8  9 10 11 12 13 |
---------------+----------------------------------------+-----
Fighting       | 3 4 5 7 9 10 | 10.0
Armour         | 1 9 |  9.5
Dodging        | 4 |  4.4
Shields        | 3 4 |  4.0
Short Blades   | 1 3 5 7 9 11 12 | 12.1
Spellcasting   | 1 |  1.0
Long Blades    | 6 9 11 12 | 12.0
Throwing       | |  1.5

Action                   |  1- 3 |  4- 6 |  7- 9 | 10-12 | 13-15 || total
-------------------------+-------+-------+-------+-------+-------++-------
Melee: Long sword        |   100 |    59 |    11 |       |       ||   170
       Dagger            |       |    13 |    25 |    15 |       ||    53
       Rapier            |       |    26 |   357 |   698 |   258 ||  1339
       Hand axe          |       |       |       |    17 |     4 ||    21
       Quick blade       |       |       |       |       |    77 ||    77
Throw: Throwing net      |     1 |     3 |       |       |       ||     4
       Dart              |       |       |    11 |     4 |       ||    15
       Boomerang         |       |       |     1 |       |       ||     1
 Cast: Sting             |     3 |       |       |       |       ||     3
Invok: Call Merchant     |       |     1 |       |     1 |       ||     2
Evoke: Wand              |       |       |     5 |    21 |     5 ||    31
  Use: Scroll            |     2 |     6 |    13 |    11 |     1 ||    33
       Potion            |       |     5 |     3 |     1 |       ||     9
 Stab: Sleeping          |     1 |       |       |     2 |       ||     3
       Held in net/web   |     1 |       |       |       |       ||     1
       Invisible         |       |     2 |       |       |       ||     2
       Confused          |       |       |     1 |       |       ||     1
       Distracted        |       |       |     3 |     4 |     1 ||     8
       Petrified         |       |       |       |     6 |       ||     6
Armor: Leather armour    |    26 |       |       |       |       ||    26
       Scale mail        |     3 |    52 |   127 |   147 |       ||   329
       Plate armour      |       |       |       |     5 |    96 ||   101
Dodge: Dodged            |    76 |    52 |   257 |   333 |   106 ||   824
Block: Buckler           |       |     4 |    78 |   144 |    84 ||   310
       Reflection        |       |       |       |       |     5 ||     5
       Rpst.: Long sword |    21 |     4 |     1 |       |       ||    26

Table legend: (Time is in decaauts)
 A = Elapsed time spent in this place.
 B = Non-inter-level travel time spent in this place.
 C = Inter-level travel time spent in this place.
 D = Time resting spent in this place.
 E = Time spent auto-exploring this place.
 F = Levels seen in this place.
 G = Mean time per level.
                   A        B        C        D        E       F      G
               +--------+--------+--------+--------+--------+-----+--------+
         Total |  18591 |  17522 |   1069 |   3467 |  10050 |  17 | 1093.6 |
       Dungeon |  10464 |   9794 |    670 |   2539 |   4774 |   9 | 1162.7 |
        Temple |    327 |    279 |     48 |      0 |    275 |   1 |  327.0 |
          Lair |   7793 |   7443 |    350 |    928 |   5001 |   6 | 1298.8 |
         Swamp |      6 |      6 |      0 |      0 |      0 |   1 |    6.0 |
               +--------+--------+--------+--------+--------+-----+--------+

Top non-repeatable levels by time:
     D:8: 1869 daAuts
  Lair:1: 1812 daAuts
     D:3: 1606 daAuts
  Lair:3: 1489 daAuts
  Lair:6: 1388 daAuts
     D:6: 1385 daAuts
     D:7: 1176 daAuts
  Lair:5: 1051 daAuts
  Lair:4: 1027 daAuts
     D:1: 1024 daAuts
  Lair:2: 1023 daAuts
     D:5: 1020 daAuts
     D:4: 1016 daAuts
     D:2: 999 daAuts
     D:9: 365 daAuts
